Zazza, neutral female human Tourist ---- |..| |..| --------- ---..| --..--...| |....| |........--- ---.--.| --.........| |...||.--- |.........| ---:---|...| ----........-- |.@h| ---.--- |...........| ..|f-- |...| |.........--- ..I^- ---.--- --....<.... ..I.I |...| |--.---- ---.---|...| |...--.--- --.....| |...--- |...| |...| |..-- |..| ---- Zazza the Sightseer Experience level: 3 Strength: 11 Dexterity: 11 Constitution: 16 Intelligence: 13 Wisdom: 6 Charisma: 18 Health: 0(26) Energy: 10(10) Def: 0 Gold: 1284 Moves: 1739 Dungeon seed: uhY-h756Amyn5hZv Game ID: Zazza_1575743103 Your Inventory: Coins $ - 1284 gold pieces Weapons a - 25 +2 darts (in quiver) v - a cursed +0 dwarvish spear x - a +1 orcish dagger (weapon in hand) y - 7 +0 crossbow bolts Armor e - an uncursed +0 Hawaiian shirt (being worn) Comestibles b - 9 uncursed food rations c - an uncursed melon d - 2 uncursed tripe rations f - an uncursed pear g - an uncursed cream pie o - an uncursed lembas wafer p - an uncursed fortune cookie Scrolls j - 4 uncursed scrolls of magic mapping u - an uncursed scroll of taming Potions h - a blessed potion of extra healing i - an uncursed potion of extra healing s - an uncursed potion of see invisible w - an uncursed potion of paralysis Rings n - an uncursed ring of teleport control (on left hand) Tools k - an expensive camera (0:37) l - an uncursed credit card z - an uncursed leash Gems q - an uncursed worthless piece of red glass r - an uncursed worthless piece of orange glass N - an uncursed obsidian stone Spells and supernatural/magical abilities: Name Level Category Fail Memory W - pray for help -- divine ? -- Your skills at the end: Fighting Skills Weapon Skills dart [Basic] Spellcasting Skills Final Attributes: You were piously aligned. You had teleport control. You are dead. Vanquished creatures: a dwarf a werejackal a yellow mold a green mold 3 gnomes 6 jackals 2 kobolds a goblin 4 grid bugs 6 lichens 2 kobold zombies 5 newts 33 creatures vanquished. Voluntary challenges: You were an atheist. You used a wielded weapon 4 times, starting on turn 1358. You read items or engraved 1 time, starting on turn 1700. You never genocided any monsters. You never polymorphed an object. You never changed form. You used no wishes. You never split a pudding. You wrote Elbereth's name 1 time, starting on turn 1700. You never violated your personal moral code. Dungeon overview: The Dungeons of Doom: levels 1 to 4 Level 1 a long staircase Level 2 a fountain Level 3 a fountain Level 4 stairs to The Gnomish Mines The Gnomish Mines: Level 5 <- You were here stairs to The Dungeons of Doom History has recorded: On T:1 you entered the Dungeons of Doom to retrieve the Amulet of Yendor! On T:480 you reached level 2 of The Dungeons of Doom. On T:912 you reached level 3 of The Dungeons of Doom. On T:1158 you advanced to experience level 2. On T:1232 you reached level 4 of The Dungeons of Doom. On T:1358 you advanced to experience level 3. On T:1562 you reached level 1 of The Gnomish Mines. Score breakdown: Gold: 364 ( 8716 points) Experience: 3 levels ( 7878 points) Exploration: 5 levels ( 10.42%) ( 8751 points) Discoveries: 0 items ( 0.00%) ( 0 points) Valuables value: (no points given unless you survive) Artifact value: 0 ( 0 points) Variety of kills: 12 monsters ( 3.15%) ( 5324 points) Turncount: 1739 turns ( 0 points) Survival: died (score multiplied by 80%) Total score: 24535 Latest messages: It is missed. The dagger hits Armand. There is nothing here to pick up. Armand picks up a dagger. The dwarf turns to flee! Armand drops a dagger. Armand picks up a dagger. The leprechaun turns to flee! You miss the dwarf. Armand drops a dagger. Something is written here in the dust. You read: "L||??etn". You see no objects here. The dart hits the dwarf! The dwarf hits! You kill the dwarf! You see here a hooded cloak. The dwarf thrusts her dagger. The dwarf hits! The baby crocodile bites! You die... Final status: Aloha Zazza the Tourist, killed by a baby crocodile... You died in The Gnomish Mines on dungeon level 5 with 24535 points, and 1284 pieces of gold, after 1739 moves. You were level 3 with a maximum of 26 hit points when you died.